 Dungeon Crawl Stone Soup version 0.22.1-2-g9c5b331 (webtiles) character file.

249 Gearfox the Quickloader (level 6, -10/37 HPs)
             Began as a Kobold Hunter on Dec 8, 2018.
             Mangled by an orc warrior
             ... wielding a +0 hand axe
              (14 damage)
             ... on level 6 of the Dungeon.
             The game lasted 00:09:08 (3434 turns).

Gearfox the Quickloader (Kobold Hunter)             Turns: 3434, Time: 00:09:09

Health: -10/37     AC:  6    Str: 11    XL:     6   Next: 35%
Magic:  6/6        EV: 14    Int: 12    God:
Gold:   142        SH:  0    Dex: 16    Spells: 5/5 levels left

rFire    . . .     SeeInvis .   a - +1 hand crossbow
rCold    . . .     Gourm    .   (shield restricted)
rNeg     . . .     Faith    .   l - +1 ring mail
rPois    .         Spirit   .   (no helmet)
rElec    .         Reflect  .   (no cloak)
rCorr    .         Harm     .   (no gloves)
MR       .....                  (no boots)
Stlth    +.........             (no amulet)
HPRegen  0.12/turn              (no ring)
MPRegen  0.10/turn              (no ring)

@: no status effects
A: small, carnivore
a: no special abilities


You were on level 6 of the Dungeon.
You were completely stuffed.

You visited 1 branch of the dungeon, and saw 4 of its levels.

You collected 142 gold pieces.

Inventory:

Hand Weapons
 a - a +1 hand crossbow (weapon)
 b - a +0 short sword
 n - a +0 hunting sling
 o - a cursed -3 war axe
Missiles
 d - 2 bolts (quivered)
 q - 8 stones
Armour
 c - a +0 leather armour
 l - a +1 ring mail (worn)
Jewellery
 t - an uncursed ring of ice {unknown}
Scrolls
 j - 2 scrolls of remove curse
 s - a scroll of identify {unknown}
 u - a scroll of amnesia
Potions
 e - a potion of magic {unknown}
 g - 6 potions of curing {unknown}
 h - a potion of lignification {unknown}
 k - a potion of degeneration {unknown}
 m - a potion of haste {unknown}
 p - a potion of flight {unknown}
 r - a potion of heal wounds {unknown}
Comestibles
 f - 7 rations


   Skills:
 + Level 3.1 Fighting
 * Level 8.0 Crossbows
 + Level 3.0 Dodging
 - Level 1.3 Stealth


You had 5 spell levels left.
You didn't know any spells.
Your spell library was empty.

Dungeon Overview and Level Annotations

Branches:
Dungeon (3/15)

Altars:


Innate Abilities, Weirdness & Mutations

You are small and have problems with some larger weapons.
You are carnivorous and can eat meat at any time.


Message History

You kill the orc priest!
Your Crossbows skill increases to level 8!
Firing (i - inventory. (/) - cycle)
d - 4 bolts (quivered)
Press: ? - help, Shift-Dir - straight line, f - orc warrior
Aim: an orc warrior, wielding a hand axe and wearing a plate armour You shoot a bolt.
The bolt barely misses the orc warrior.
The bolt barely misses the orc.
The orc warrior closely misses you.
All of the chunks of flesh in your inventory have rotted away.
The orc warrior hits you with a hand axe!
The orc warrior barely misses you.
The orc warrior hits you with a hand axe.
The orc warrior hits you with a hand axe!
* * * LOW HITPOINT WARNING * * *
Firing (i - inventory. (/) - cycle)
d - 3 bolts (quivered)
Press: ? - help, Shift-Dir - straight line, f/p - orc warrior
Aim: an orc warrior, wielding a hand axe and wearing a plate armour You shoot a bolt.
The bolt hits the orc warrior.
The orc warrior is lightly wounded.
The orc warrior hits you with a hand axe!
You die...

######## #......#
#......# #......#
#......# #......#
####......###########
#.........'..@oo....#
#.##...[..#########.#
#......+ #.# #......#
#.# ######.# #.# #.#
#.# #.# #.# #.. #.#
.. #.# #.#


You could see an orc warrior and an orc.

Vanquished Creatures
  3 orc priests
  3 orc wizards
  3 adders
  An ooze (D:2)
  A dart slug (D:2)
  4 orcs
  A ball python (D:1)
  5 bats (D:1)
  5 giant cockroaches
  4 hobgoblins
  2 frilled lizards (D:3)
  6 goblins
  6 kobolds
  9 rats
53 creatures vanquished.

Notes
Turn   | Place    | Note
-------+----------+-------------------------------------------
     0 | D:1      | Gearfox the Kobold Hunter began the quest for the Orb.
     0 | D:1      | Reached XP level 1. HP: 12/12 MP: 1/1
   114 | D:1      | Reached skill level 5 in Crossbows
   260 | D:1      | Reached XP level 2. HP: 17/17 MP: 2/2
   623 | D:1      | Reached XP level 3. HP: 21/21 MP: 3/3
  1329 | D:2      | Reached skill level 6 in Crossbows
  1329 | D:2      | Reached XP level 4. HP: 19/27 MP: 4/4
  1664 | D:1      | Reached XP level 5. HP: 24/31 MP: 5/5
  1735 | D:2      | Reached skill level 7 in Crossbows
  2905 | D:3      | Reached XP level 6. HP: 32/36 MP: 6/6
  3334 | D:3      | You fall through a shaft for 3 floors!
  3379 | D:6      | Noticed an orc warrior
  3386 | D:6      | Reached skill level 8 in Crossbows
  3434 | D:6      | Mangled by an orc warrior

Skill      XL: |  1  2  3  4  5  6 |
---------------+-------------------+-----
Crossbows      | 5 6 7 8 |  8.0
Dodging        | 3 |  3.0
Fighting       | 3 |  3.1
Stealth        | |  1.3

Action                   |  1- 3 |  4- 6 || total
-------------------------+-------+-------++-------
Melee: Short sword       |       |    33 ||    33
 Fire: Hand crossbow     |    56 |    54 ||   110
  Use: Scroll            |       |     7 ||     7
  Eat: Chunk             |     8 |     8 ||    16
Armor: Leather armour    |    10 |     4 ||    14
       Ring mail         |       |    11 ||    11
Dodge: Dodged            |    48 |    40 ||    88
